AoeStats
← tinuss

Northern Isles

510717705Analyzed
1v1 RM · 23h ago on Oct 2, 2026· 98m 57s· 2 players
Game mode
Random Map
Map size
Tiny (2 player)
Population
200
Speed
Normal
Resources
Standard
Victory
Conquest
Starting age
Dark Age
Ending age
Imperial Age
RankedLock teamsTeams togetherTeam positionsShared explorationLock speedFull tech treeHidden civsTurbo modeCheats
Victory
Defeat
🇩🇪 Vikings · Germany
912
+22
🇪🇸 Vikings · Spain
929
-17
saxleo01
12:55 Feudal Age
12:47 Loom
14:13 Double-Bit Axe
16:21 Fletching
17:20 Padded Archer Armor
22:30 Castle Age
24:00 Medium Warships
24:05 Bodkin Arrow
24:36 Bow Saw
25:25 Leather Archer Armor
25:24 Fishing Lines
27:53 Ballistics
27:20 Treadmill Crane
31:54 Gold Mining
31:55 Stone Mining
32:00 Gillnets
36:21 Imperial Age
35:02 Murder Holes
37:36 Heavy Warships
43:37 Bracer
44:28 Gold Shaft Mining
44:40 Ring Archer Armor
44:42 Town Watch
44:24 Crossbowman
45:38 Capped Ram
46:21 Horse Collar
48:17 Chemistry
49:41 Two-Man Saw
48:53 Arbalester
50:52 Conscription
52:12 Bogsveigar
58:52 Heated Shot
59:07 Siege Engineers
62:02 Scale Barding Armor
62:08 Forging
61:52 Light Cavalry
66:38 Chain Barding Armor
68:10 Iron Casting
81:54 Masonry
91:25 Heavy Plow
97:54 Architecture
98:03 Hoardings
tinuss
9:09 Loom
13:24 Feudal Age
15:41 Fletching
16:10 Double-Bit Axe
21:05 Castle Age
20:14 Horse Collar
21:55 Gold Mining
22:29 Scale Barding Armor
23:09 Bow Saw
23:03 Bodkin Arrow
24:38 Chain Barding Armor
24:29 Forging
29:35 Stone Mining
35:52 Imperial Age
35:15 Heavy Plow
36:51 Gold Shaft Mining
36:22 Elite Longship
38:22 Bracer
43:42 Scale Mail Armor
44:17 Iron Casting
44:46 Elite Berserk
46:00 Chain Mail Armor
46:45 Blast Furnace
49:03 Plate Mail Armor
53:14 Padded Archer Armor
53:25 Cavalier
56:20 Elite Skirmisher
59:50 Ballistics
64:37 Capped Ram
67:00 Leather Archer Armor
73:10 Pikeman
77:28 Siege Ram
94:25 Chemistry
Connection lost

Rejoining the realm…

Still unreachable

The connection could not be restored.

Session expired

The server has moved on; the page needs a fresh start.